 Dungeon Crawl Stone Soup version 0.30-a0-847-g17996783a1 (webtiles) character file.

Game seed: 9869910873541205779

177316 Duck the Severer (level 17, -13/237 HPs)
             Began as a Minotaur Berserker on Mar 3, 2023.
             Was a High Priest of Trog.
             Killed from afar by a thorn hunter (49 damage)
             ... with a volley of thorns
             ... on level 4 of the Swamp.
             The game lasted 01:19:35 (28683 turns).

Duck the Severer (Minotaur Berserker)              Turns: 28683, Time: 01:19:35

Health: -13/237    AC: 24    Str: 23    XL:     17   Next: 54%
Magic:  16/16      EV: 10    Int:  8    God:    Trog [*****.]
Gold:   820        SH: 14    Dex: 13    Spells: 16/16 levels left

rFire   . . .      SeeInvis .    z - +10 war axe of Nidwepn {drain, Stlth+}
rCold   . . .      Faith    .    i - +0 kite shield
rNeg    + . .      Spirit   .    m - +0 plate armour
rPois   +          Reflect  .    (helmet restricted)
rElec   .          Rampage  .    (no cloak)
rCorr   .          Harm     + .  P - +1 pair of gloves
Will    +....                    k - +2 pair of boots Stlth
                                 h - amulet "Pafefyuj" {RegenMP Harm rPois rN+}
HPRegen 0.59/turn                Q - +4 ring of slaying
MPRegen 0.55/turn                C - +4 ring of slaying

@: berserking, quick
A: horns 2, retaliatory headbutt, clever 1, weak 1, MP-powered wands
a: Renounce Religion, Berserk, Trog's Hand, Brothers in Arms


You were on level 4 of the Swamp.
You worshipped Trog.
Trog was extremely pleased with you.
You visited 4 branches of the dungeon, and saw 25 of its levels.
You also visited: Sewer and Volcano.

You collected 1990 gold pieces.
You spent 1170 gold pieces at shops.

Inventory:

Hand Weapons
 l - a +3 hand axe of electrocution
 z - the +10 war axe of Nidwepn (weapon) {drain, Stlth+}
   (You acquired it on level 10 of the Dungeon)

   Stlth:     It makes you more stealthy.
 A - a +3 battleaxe of venom
 R - a +0 broad axe of freezing
Armour
 i - a +0 kite shield (worn)
 k - a +2 pair of boots (worn)
 m - a +0 plate armour (worn)
 P - a +1 pair of gloves (worn)
 V - the +4 skin of Zhor {*Englaciate rC+++ SInv}
   (You found it on level 15 of the Dungeon)

   *Englaciate: It radiates cold, occasionally slowing all nearby creatures who
   are not resistant to cold.
   rC:        It renders you almost immune to cold.
   SInv:      It lets you see invisible.
Jewellery
 h - the amulet "Pafefyuj" (around neck) {RegenMP Harm rPois rN+}
   (You found it on level 10 of the Dungeon)

   [amulet of magic regeneration]

   It increases your rate of magic regeneration.
   rPois:     It protects you from poison.
   rN:        It protects you from negative energy.
   Harm:      It increases damage dealt and taken.
 x - a ring of protection from fire
 C - a +4 ring of slaying (right hand)
 F - a ring of resist corrosion
 G - a ring of ice
 I - a ring of protection from fire
 L - an amulet of regeneration
 Q - a +4 ring of slaying (left hand)
 S - a +6 ring of dexterity
 T - a ring of protection from cold
Wands
 j - a wand of quicksilver (14)
 o - a wand of iceblast (21)
 q - a wand of digging (20)
 v - a wand of charming (23)
 H - a wand of mindburst (11)
 N - a wand of flame (25)
Scrolls
 a - 5 scrolls of blinking
 b - 2 scrolls of fog
 c - 11 scrolls of teleportation
 w - 2 scrolls of butterflies
 y - 13 scrolls of identify
 D - 3 scrolls of magic mapping
 E - 3 scrolls of fear
 K - a scroll of poison
 O - 2 scrolls of enchant weapon
Potions
 d - 7 potions of brilliance
 e - 14 potions of heal wounds
 f - 8 potions of curing
 g - 7 potions of attraction
 n - 2 potions of invisibility
 p - 3 potions of magic
 r - a potion of cancellation
 s - a potion of lignification
 t - 5 potions of flight
 u - 8 potions of ambrosia
 B - 5 potions of might
 M - 3 potions of resistance
 U - a potion of berserk rage
Miscellaneous
 J - a phantom mirror


   Skills:
 - Level 16.0 Fighting
 - Level 20.0 Axes
 - Level 17.0 Armour
 - Level 8.8 Dodging
 + Level 17.5 Shields


You had 16 spell levels left.
You didn't know any spells.
Your spell library was empty.

Dungeon Overview and Level Annotations

Branches:
Dungeon (15/15)            Temple (0/1) D:6            Lair (5/5) D:10
  Swamp (4/4) Lair:3        Snake (0/4) Lair:2        Slime (0/5) Lair:5
    Orc (1/2) D:9          Vaults (0/5) D:14         Depths (0/4) D:15
  Sewer (visited)         Volcano (visited)

Altars:
Dithmenos
Elyvilon
Fedhas
Gozag
Hepliaklqana
Nemelex Xobeh
Okawaru
Qazlal
Ru
Sif Muna
Trog
Wu Jian
Xom
Yredelemnul
Zin
Jiyva

Shops:
D:5 :   D:10 =


Innate Abilities, Weirdness & Mutations

You have a pair of horns on your head.
You reflexively headbutt those who attack you in melee.
Your mind is acute. (Int +4, Str/Dex -1)
You are weak. (Str -2)
You expend magic power (3 MP) to strengthen your wands.


Message History

The thorn hunter hits you!
The thorn hunter fires a volley of thorns at you.
You block the volley of thorns.
Your unstable footing causes you to fumble your attack.
You block the thorn hunter's attack. The thorn hunter closely misses you.
You slice the thorn hunter!!
The thorn hunter is moderately damaged.
You slash the briar patch! You block the thorn hunter's attack.
The thorn hunter hits you.
Your unstable footing causes you to fumble your attack.
The briar patch crumbles away.
The thorn hunter closely misses you.
The thorn hunter hits you but does no damage.
You hit the thorn hunter but do no damage.
You drain the thorn hunter.
The thorn hunter is moderately damaged.
You slash the briar patch!
You destroy the briar patch!
The briar patch crumbles away. x2
The thorn hunter gestures.
Thorny briars emerge from the ground!
You barely miss the thorn hunter.
The thorn hunter is moderately damaged.
The briar patch crumbles away.
You block the thorn hunter's attack. The thorn hunter barely misses you.
You slash the thorn hunter! You drain the thorn hunter.
You headbutt the thorn hunter!
The thorn hunter is severely damaged.
The thorn hunter gestures.
The thorn hunter hits you! You block the thorn hunter's attack.
Your unstable footing causes you to fumble your attack.
The briar patch crumbles away.
The thorn hunter fires a volley of thorns at you.
The volley of thorns hits you!!
* * * LOW HITPOINT WARNING * * *
A red film seems to cover your vision as you go berserk!
You feel yourself moving faster!
You feel mighty!
The briar patch crumbles away. x4
The thorn hunter fires a volley of thorns at you.
The volley of thorns hits you!!!
You die...

♣♣♣~♣....§PP♣
♣♣~~§.~~..~PP♣
♣~.~§~~~~§.P♣♣
♣♣~~~~~~...♣♣ (!
♣♣~~§§~.P.♣♣♣ ~~.
♣.~P~~~PP~~~♣
~~~.♣♣~~~P..PP~PPP♣
~~~~~..~.P..PPPP$♣♣
~§~~~~f@~~.§PP♣♣~~.
~~~~~~~~§~~♣♣♣♣
~~~♣ §~~~~~~~~§♣♣
~♣♣ .§~~~~~PP.♣
§..~~§~~~<♣
~~..~.~~~~♣
~.♣..~.§~.♣
..♣♣~~~...♣
..~♣~.♣♣


You could see a thorn hunter (drained).

Vanquished Creatures
  Rupert (D:15)
  Frances (D:14)
  Kirke (Swamp:1)
  Agnes (D:13)
  A thorn hunter (Swamp:1)
  4 ghouls (Swamp:3)
  A stone giant (Volcano)
  A bunyip (Swamp:3)
  The ghost of cheesebisquit the Grappler, a journeyman TrFi of Fedhas (Lair:2)
  2 eleionomae
  2 shambling mangroves
  An ogre mage (D:14)
  2 catoblepae
  17 hydras
  A ghost crab (Swamp:3)
  3 boulder beetles
  7 two-headed ogres
  Erica (D:8)
  5 centaur warriors
  The ghost of qeuew the Cleaver, a novice MiFi of Fedhas (D:10)
  4 alligators
  2 tengu warriors
  8 spriggans
  A fire crab (shapeshifter) (D:14)
  Urug (Lair:5)
  Sonja (D:10)
  6 skysharks
  A spriggan druid (Swamp:3)
  A skeletal warrior (D:14)
  4 goliath frogs
  A swamp dragon (Swamp:3)
  A lindwurm (Lair:5)
  Pikel (D:6)
  An ugly thing (D:7)
  2 deep elf pyromancers
  An oklob plant (Lair:3)
  A salamander (D:15)
  3 manticores
  5 cyclopes
  6 will-o-the-wisps
  A moth of wrath (D:10)
  14 elephants
  5 black mambas
  7 slime creatures
  An ice statue (Lair:2)
  Maggie (D:6)
  3 gargoyles
  16 cane toads
  4 unseen horrors
  3 centaur skeletons (D:14)
  12 komodo dragons
  2 yaktaurs (D:14)
  4 rime drakes
  An efreet (Volcano)
  A freezing wraith (D:13)
  2 tengu conjurers
  The ghost of oldplebian the Slasher, an amateur GnCA of Ignis (D:7)
  3 meliai (D:13)
  7 trolls
  2 bloated husks (Swamp:2)
  2 hornets (shapeshifter) (D:15)
  A queen bee (Lair:3)
  4 polar bears
  12 hornets
  5 tyrant leeches
  23 blink frogs
  Grinder (D:4)
  A centaur simulacrum (D:15)
  2 shadows
  2 wraiths
  3 wyverns
  44 yaks
  5 basilisks
  4 hogs (Swamp:1)
  A steam dragon (D:9)
  25 vampire mosquitoes
  3 nagas (Lair:2)
  Menkaure (D:5)
  12 swamp worms
  5 acid dragons
  11 water moccasins
  A swamp drake (Swamp:3)
  4 orc warriors (D:9)
  2 black bears
  An ice beast (D:7)
  5 ogres
  2 sky beasts
  5 centaurs
  4 wolves (Lair:1)
  2 lemures (D:6)
  2 phantoms
  5 kobold brigands
  10 bullfrogs
  3 gnoll sergeants
  2 earth elementals (Volcano)
  4 scorpions
  8 wights
  31 killer bees
  2 electric eels
  3 howler monkeys
  2 jellies (D:6)
  2 hounds
  8 orc priests
  A gnoll bouda (D:5)
  2 sleepcaps
  5 iguanas
  12 orc wizards
  A boggart skeleton (D:14)
  20 gnolls
  11 adders
  A river rat (Sewer)
  A shadow imp (D:5)
  An ufetubus (D:6)
  3 worms
  2 dart slugs
  64 orcs
  11 ball pythons
  7 endoplasms
  3 giant cockroaches
  7 goblins
  8 hobgoblins
  6 jackals (D:5)
  A quokka (D:5)
  4 bats
  10 frilled lizards
  26 kobolds
  6 rats
  A briar patch (Swamp:4)
  6 bushes (D:13)
  3 fungi (Swamp:1)
  A plant (Lair:2)
694 creatures vanquished.

Vanquished Creatures (others)
  A ball python (D:3)
  A kobold (D:6)
  A briar patch (Swamp:4)
  12 foxfires
  20 fungi
  98 plants
133 creatures vanquished.

Grand Total: 827 creatures vanquished

Notes
Turn   | Place    | Note
-------+----------+-------------------------------------------
     0 | D:1      | Duck the Minotaur Berserker began the quest for the Orb.
     0 | D:1      | Reached XP level 1. HP: 19/19 MP: 0/0
   244 | D:1      | Reached skill level 4 in Axes
   244 | D:1      | Reached XP level 2. HP: 26/27 MP: 1/1
  1025 | D:2      | Reached ** piety under Trog
  1035 | D:2      | Reached XP level 3. HP: 34/34 MP: 2/2
  1709 | D:2      | Found a faded altar of an unknown god.
  1740 | D:2      | Reached XP level 4. HP: 16/41 MP: 3/3
  1966 | D:3      | Reached skill level 5 in Fighting
  1969 | D:3      | Reached skill level 5 in Axes
  2088 | D:3      | Found a shadowy altar of Dithmenos.
  2115 | D:3      | Noticed a phantom
  2125 | D:3      | Killed a phantom
  2126 | D:3      | Reached XP level 5. HP: 50/50 MP: 4/4
  2402 | D:3      | Found a sacrificial altar of Ru.
  3061 | D:4      | Reached skill level 6 in Axes
  3177 | D:4      | Noticed a black bear
  3187 | D:4      | Killed a black bear
  3188 | D:4      | Reached XP level 6. HP: 57/57 MP: 5/5
  3483 | D:4      | Found an ornate altar of the Wu Jian Council.
  3692 | D:4      | Reached XP level 7. HP: 52/62 MP: 6/6
  3761 | D:4      | Noticed Grinder
  3771 | D:4      | Killed Grinder
  3772 | D:4      | Reached skill level 7 in Axes
  3772 | D:4      | Reached skill level 5 in Shields
  3816 | D:4      | Reached *** piety under Trog
  4149 | D:5      | Entered Level 5 of the Dungeon
  4159 | D:4      | Gained mutation: Your magical capacity is low. (-10% MP)
                  | [potion of mutation]
  4159 | D:4      | Gained mutation: You have large cloven feet. [potion of
                  | mutation]
  4302 | D:5      | Found Don Oklypp's Book Emporium.
  4410 | D:5      | Noticed Menkaure
  4417 | D:5      | Killed Menkaure
  4418 | D:5      | Reached skill level 5 in Armour
  4418 | D:5      | Reached XP level 8. HP: 37/70 MP: 6/6
  4433 | D:5      | Reached skill level 8 in Axes
  4537 | D:5      | Found a hazy altar of Hepliaklqana.
  4880 | D:5      | Found an opulent altar of Gozag.
  5211 | D:6      | Found a shimmering blue altar of Sif Muna.
  5238 | D:6      | Noticed Maggie
  5252 | D:6      | Reached skill level 9 in Axes
  5256 | D:6      | Killed Maggie
  5257 | D:6      | Reached XP level 9. HP: 31/75 MP: 7/7
  5627 | D:6      | Noticed Pikel
  5636 | D:6      | Killed Pikel
  5637 | D:6      | Reached skill level 10 in Axes
  5637 | D:6      | Reached skill level 10 in Armour
  5638 | D:6      | Found a glowing drain.
  5649 | Sewer    | Entered a sewer
  5843 | Sewer    | Reached **** piety under Trog
  6084 | D:6      | Found a staircase to the Ecumenical Temple.
  6317 | D:7      | Found a runed translucent gate.
  6318 | D:7      | Noticed oldplebian's ghost (amateur GnCA)
  6321 | D:7      | Noticed a green ugly thing
  6345 | D:7      | Found a runed translucent gate.
  6346 | D:7      | Found a runed translucent gate.
  6401 | D:7      | Killed a green ugly thing
  6406 | D:7      | Killed oldplebian's ghost
  6410 | D:7      | Reached XP level 10. HP: 83/83 MP: 8/8
  6442 | D:7      | Lost mutation: You have large cloven feet. [potion of
                  | mutation]
  6442 | D:7      | Lost mutation: Your magical capacity is low. (-10% MP)
                  | [potion of mutation]
  6442 | D:7      | Gained mutation: You are weak. (Str -2) [potion of
                  | mutation]
  6442 | D:7      | Gained mutation: You are resistant to electric shocks.
                  | (rElec) [potion of mutation]
  6765 | D:7      | Found a bloodstained altar of Trog.
  6829 | D:7      | You fall into a shaft and drop 1 floor!
  7637 | D:8      | Noticed a two-headed ogre
  7649 | D:8      | Killed a two-headed ogre
  7650 | D:8      | Reached skill level 5 in Dodging
  7946 | D:8      | Noticed Erica
  7955 | D:8      | Killed Erica
  7956 | D:8      | Reached skill level 10 in Shields
  8501 | D:9      | Noticed a two-headed ogre
  8509 | D:9      | Killed a two-headed ogre
  8597 | D:9      | Found a staircase to the Orcish Mines.
  8986 | D:9      | Reached XP level 11. HP: 60/91 MP: 10/10
  9320 | D:9      | Found a stormy altar of Qazlal.
  9323 | D:9      | Found an iron altar of Okawaru.
  9323 | D:9      | Found a sparkling altar of Nemelex Xobeh.
  9324 | D:9      | Found a shimmering altar of Xom.
  9406 | D:9      | Lost mutation: You are weak. (Str -2) [potion of mutation]
  9406 | D:9      | Lost mutation: You are resistant to electric shocks.
                  | (rElec) [potion of mutation]
  9406 | D:9      | Gained mutation: Your flesh is heat resistant. (rF+)
                  | [potion of mutation]
  9406 | D:9      | Gained mutation: You are clumsy. (Dex -2) [potion of
                  | mutation]
  9406 | D:9      | Gained mutation: You expend magic power (3 MP) to
                  | strengthen your wands. [potion of mutation]
  9548 | D:9      | Noticed a two-headed ogre
  9557 | D:9      | Killed a two-headed ogre
  9966 | Orc:1    | Entered Level 1 of the Orcish Mines
 10000 | D:10     | Entered Level 10 of the Dungeon
 10232 | D:10     | Noticed a two-headed ogre
 10251 | D:10     | Killed a two-headed ogre
 10614 | D:10     | Reached skill level 10 in Fighting
 10704 | D:10     | Found Foturriph's Jewellery Shoppe.
 10949 | D:10     | Found a staircase to the Lair.
 11058 | D:10     | Lost mutation: Your flesh is heat resistant. (rF+) [potion
                  | of mutation]
 11058 | D:10     | Lost mutation: You are clumsy. (Dex -2) [potion of
                  | mutation]
 11058 | D:10     | Gained mutation: You are weak. (Str -2) [potion of
                  | mutation]
 11058 | D:10     | Gained mutation: Your mind is acute. (Int +4, Str/Dex -1)
                  | [potion of mutation]
 11060 | D:10     | Noticed qeuew's ghost (novice MiFi)
 11066 | D:10     | Noticed an eight-headed hydra
 11072 | D:10     | Found a transporter.
 11101 | D:10     | Found a transporter.
 11129 | D:10     | Identified the amulet "Pafefyuj" {RegenMP Harm rPois rN+}
 11139 | D:10     | Killed a 12-headed hydra
 11152 | D:10     | Killed qeuew's ghost
 11413 | D:10     | Found a basalt altar of Yredelemnul.
 11448 | D:10     | Noticed Sonja
 11457 | D:10     | Killed Sonja
 11943 | D:10     | Identified a scroll of acquirement
 11943 | D:10     | Acquired the +10 war axe of Nidwepn {drain, Stlth+}
 12178 | D:11     | Noticed a boulder beetle
 12204 | D:11     | Killed a boulder beetle
 12205 | D:11     | Reached skill level 11 in Axes
 12205 | D:11     | Reached XP level 12. HP: 101/113 MP: 11/11
 12263 | D:11     | Noticed a two-headed ogre
 12272 | D:11     | Killed a two-headed ogre
 12561 | D:11     | Found a shimmering altar of Xom.
 12577 | D:11     | Noticed a two-headed ogre
 12583 | D:11     | Killed a two-headed ogre
 12592 | D:11     | Reached skill level 12 in Axes
 12661 | D:11     | Found the +9 sword of Power {lifebolt}
 12794 | D:12     | Reached ***** piety under Trog
 13492 | D:12     | Noticed a centaur warrior
 13501 | D:12     | Killed a centaur warrior
 13846 | D:13     | Reached skill level 13 in Axes
 13851 | D:13     | Found a blossoming altar of Fedhas.
 13982 | D:13     | Noticed a centaur warrior
 14002 | D:13     | Killed a centaur warrior
 14183 | D:13     | Noticed a boulder beetle
 14191 | D:13     | Killed a boulder beetle
 14690 | D:14     | Noticed a tengu warrior
 14693 | D:14     | Noticed Agnes
 14699 | D:13     | Reached XP level 13. HP: 93/119 MP: 12/12
 14773 | D:13     | Killed Agnes
 14774 | D:13     | Reached skill level 14 in Axes
 15136 | D:14     | Noticed Frances
 15147 | D:14     | Killed Frances
 15780 | D:14     | Reached skill level 15 in Axes
 16195 | D:14     | Found a gate to the Vaults.
 16418 | D:15     | Entered Level 15 of the Dungeon
 16874 | Lair:1   | Entered Level 1 of the Lair of Beasts
 17259 | Lair:1   | Reached skill level 16 in Axes
 17262 | Lair:1   | Found a dark tunnel.
 17267 | Volcano  | Entered a volcano
 17467 | Volcano  | Noticed a stone giant
 17478 | Volcano  | Killed a stone giant
 17694 | Lair:1   | Found a shadowy altar of Dithmenos.
 18136 | Lair:2   | Found a transporter.
 18146 | Lair:2   | Found a transporter.
 18172 | Lair:2   | Noticed cheesebisquit's ghost (journeyman TrFi)
 18223 | Lair:2   | Reached XP level 14. HP: 122/127 MP: 13/13
 18290 | Lair:2   | Killed cheesebisquit's ghost
 18450 | Lair:2   | Reached skill level 17 in Axes
 18450 | Lair:2   | Reached XP level 15. HP: 137/137 MP: 14/14
 18451 | Lair:2   | Reached XP level 16. HP: 147/147 MP: 15/15
 18892 | Lair:2   | Found a staircase to the Snake Pit.
 19180 | Lair:3   | Found a staircase to the Swamp.
 19250 | Lair:3   | Reached skill level 15 in Armour
 19381 | Lair:3   | Received a gift from Trog
 19614 | Lair:3   | Reached skill level 18 in Axes
 19935 | Lair:4   | Reached skill level 15 in Fighting
 21063 | Lair:5   | Entered Level 5 of the Lair of Beasts
 21421 | D:10     | Bought a +4 ring of slaying for 1170 gold pieces
 21606 | Lair:5   | Noticed Urug
 21621 | Lair:5   | Killed Urug
 21921 | Lair:5   | Received a gift from Trog
 21982 | Lair:5   | Reached skill level 19 in Axes
 22995 | Lair:5   | Found a viscous altar of Jiyva.
 22996 | Lair:5   | Found a staircase to the Slime Pits.
 23664 | D:15     | Found a white marble altar of Elyvilon.
 23936 | D:15     | Found the +4 skin of Zhor {*Englaciate rC+++ SInv}
 24074 | D:15     | Found a glowing silver altar of Zin.
 24162 | D:15     | Found a staircase to the Depths.
 24536 | D:15     | Noticed Rupert
 24549 | D:15     | Killed Rupert
 25217 | Swamp:1  | Entered Level 1 of the Swamp
 25227 | Swamp:1  | Reached XP level 17. HP: 146/155 MP: 16/16
 25267 | Swamp:1  | Reached skill level 20 in Axes
 26249 | Swamp:1  | Noticed Kirke
 26258 | Swamp:1  | Killed Kirke
 26593 | Swamp:2  | Reached skill level 15 in Shields
 27044 | Swamp:2  | Identified the +1 short sword "Fuwois" {freeze, rF+ rCorr}
 27292 | Swamp:3  | Received a gift from Trog
 28526 | Swamp:4  | Entered Level 4 of the Swamp
 28683 | Swamp:4  | Killed from afar by a thorn hunter

Illustrated notes

Levels and vault maps discovered:
D:1:      psy_arrival_conway, layout_basic, minmay_crystal_room,
          grunt_decor_resistance, due_unseen_surprise
D:2:      minmay_angry_zag, layout_basic, shapermc_ecumenical_altar_hornbeckon
D:3:      layout_basic, nicolae_ru_path_of_blood, mainiacjoe_overflow_paths,
          lemuel_flame_loot_1
D:4:      layout_basic, mainiacjoe_overflow_alcove_1, minmay_fountain_box,
          chequers_avenue, uniq_grinder
D:5:      layout_basic, nicolae_hepliaklqana_hazy_memory,
          mainiacjoe_overflow_brackets, serial_shops, nicolae_shop_stone,
          uniq_menkaure
D:6:      layout_rooms, amcnicky_altar_gilded, minmay_temple_entry_overgrown,
          cheibrodos_sewer_entry_sluice, uniq_maggie, uniq_pikel
D:7:      layout_loops_ring, lemuel_round_altar, gammafunk_ghost_split,
          kennysheep_pointless_box
D:8:      layout_loops_corners, uniq_erica
D:9:      layout_loops_ring, grunt_temple_overflow_open, hiddenorc2_lemuel,
          minmay_tree_intersection
D:10:     layout_basic, kennysheep_little_box, lair_entry_dummy,
          gammafunk_ghost_berserking_beasts, minmay_shop_enchanted_jewellery,
          bh_walls_and_bars, uniq_sonja
D:11:     layout_big_octagon, xom_confusion_cloud
D:12:     layout_long_grid
D:13:     layout_irregular_city, fedhas_bush_and_centaur_altar
D:14:     layout_basic, hangedman_vaults_entry_quadrant_bands, minivault_24,
          small_chamber_with_monster, uniq_frances, uniq_agnes
D:15:     hangedman_depths_entry_try_elsewhere_first, layout_grid_maze,
          zin_angel, nicolae_elyvilon_peaceful_grove, uniq_rupert
Lair:1:   layout_chaotic_city, basic_altar, enter_volcano_1
Lair:2:   layout_gridlike, nicolae_snake_entry_squirm, nzn_ghost_randoct,
          worms_lemuel, infiniplex_staircase_pool_2
Lair:3:   layout_hall_layers, swamp_mist, special_room [special_room_bee]
Lair:4:   layout_cellular_growth, nicolae_quartered_pool_little, minivault_11
Lair:5:   minmay_lair_end_frog_pond, layout_regular_city, slime_entry_1,
          grunt_megastairs_2, uniq_urug
Swamp:1:  layout_falls_marsh, serial_swamp_ruin, evilmike_swamp_ruin_house_6,
          evilmike_swamp_ruin_house_5, water_boxes_lemuel, uniq_kirke
Swamp:2:  layout_falls_marsh, evilmike_swamp_ruin_house_4
Swamp:3:  layout_basic_swamp, evilmike_swamp_ruin_house_1
Swamp:4:  swamp_icy, layout_basic_swamp
Orc:1:    layout_diamond_mine, mines1_david, uniq_snorg

Skill      XL: |  1  2  3  4  5  6  7  8  9 10 11 12 13 14 15 16 17 |
---------------+----------------------------------------------------+-----
Fighting       | 4 5 6 12 13 14 16 | 16.0
Axes           | 4 5 6 7 9 10 11 13 16 17 19 20 | 20.0
Shields        | 3 4 5 7 11 13 14 17 | 17.5
Armour         | 5 8 10 11 13 14 16 17 | 17.0
Dodging        | 3 6 8 |  8.8

Action                     |  1- 3 |  4- 6 |  7- 9 | 10-12 | 13-15 | 16-18 || total
---------------------------+-------+-------+-------+-------+-------+-------++-------
  Melee: Hand axe          |    75 |   102 |   192 |   299 |       |       ||   668
         Headbutt          |     9 |     9 |    30 |    99 |    47 |   173 ||   367
         Punch             |     1 |       |       |       |       |       ||     1
         Kick              |       |       |    17 |       |       |       ||    17
         War axe           |       |       |       |   169 |   212 |   602 ||   983
  Throw: Throwing net      |       |       |       |       |       |     1 ||     1
 Invoke: Berserk           |       |     4 |     6 |    16 |     7 |     5 ||    38
         Trog's Hand       |       |       |     3 |     5 |     4 |     4 ||    16
    Use: Scroll            |     4 |     2 |    17 |     9 |     1 |     3 ||    36
         Potion            |       |       |     4 |     6 |     6 |     3 ||    19
   Stab: Sleeping          |     2 |       |       |       |       |       ||     2
         Invisible         |       |       |       |     4 |     4 |       ||     8
 Armour: Animal skin       |    17 |     2 |       |       |       |       ||    19
         Plate armour      |       |    39 |    78 |   261 |    82 |   295 ||   755
         Skin              |       |       |       |       |       |    35 ||    35
  Dodge: Dodged            |    56 |    24 |    50 |   117 |    56 |   200 ||   503
  Block: Buckler           |       |    13 |    31 |       |       |       ||    44
         Kite shield       |       |       |    11 |   278 |   124 |   390 ||   803

Table legend: (Time is in decaauts)
 A = Elapsed time spent in this place.
 B = Non-inter-level travel time spent in this place.
 C = Inter-level travel time spent in this place.
 D = Time resting spent in this place.
 E = Time spent auto-exploring this place.
 F = Levels seen in this place.
 G = Mean time per level.
                   A        B        C        D        E       F      G
               +--------+--------+--------+--------+--------+-----+--------+
         Total |  29087 |  27250 |   1837 |   8815 |  14013 |  27 | 1077.3 |
       Dungeon |  18456 |  17278 |   1178 |   6123 |   8636 |  15 | 1230.4 |
          Lair |   6272 |   5663 |    609 |   1051 |   3542 |   5 | 1254.4 |
         Swamp |   3578 |   3529 |     49 |   1446 |   1502 |   4 |  894.5 |
  Orcish Mines |      5 |      5 |      0 |      0 |      2 |   1 |    5.0 |
         Sewer |    412 |    412 |      0 |     64 |    237 |   1 |  412.0 |
       Volcano |    362 |    362 |      0 |    130 |     94 |   1 |  362.0 |
               +--------+--------+--------+--------+--------+-----+--------+

Top non-repeatable levels by time:
    D:10: 2223 daAuts
    D:14: 1663 daAuts
  Lair:5: 1627 daAuts
     D:9: 1602 daAuts
  Lair:4: 1588 daAuts
     D:4: 1444 daAuts
    D:15: 1387 daAuts
    D:13: 1340 daAuts
 Swamp:1: 1316 daAuts
  Lair:2: 1237 daAuts
     D:8: 1184 daAuts
 Swamp:2: 1165 daAuts
    D:12: 1133 daAuts
     D:2: 1017 daAuts
     D:5: 980 daAuts
